 Dungeon Crawl Stone Soup version 0.29-a0-1023-g6ae1a4a2c7 (webtiles) character file.

Game seed: 7781171591423746125

23 BritishOli the Slasher (level 2, -1/23 HPs)
             Began as a Demonspawn Gladiator on Aug 11, 2022.
             Killed from afar by Sigmund (7 damage)
             ... with a bolt of dispelling energy
             ... on level 2 of the Dungeon.
             The game lasted 00:01:02 (954 turns).

BritishOli the Slasher (Demonspawn Gladiator)        Turns: 954, Time: 00:01:03

Health: -1/23      AC:  4    Str: 14    XL:     2   Next: 75%
Magic:  2/2        EV: 12    Int:  9    God:
Gold:   167        SH:  0    Dex: 14    Spells: 1/1 levels left

rFire   . . .      SeeInvis .   a - +0 long sword
rCold   . . .      Faith    .   (no shield)
rNeg    . . .      Spirit   .   b - +0 leather armour
rPois   .          Reflect  .   c - +0 helmet
rElec   .          Harm     .   (no cloak)
rCorr   .          Rampage  .   (no gloves)
Will    .....                   (no boots)
Stlth   +.........              (no amulet)
HPRegen 0.07/turn               (no ring)
MPRegen 0.08/turn               (no ring)

@: no status effects
A: foul stench 1
a: no special abilities


You were on level 2 of the Dungeon.
You visited 1 branch of the dungeon, and saw 2 of its levels.

You collected 167 gold pieces.

Inventory:

Hand Weapons
 a - a +0 long sword (weapon)
Missiles
 d - 3 throwing nets (quivered)
 e - a javelin
Armour
 b - a +0 leather armour (worn)
 c - a +0 helmet (worn)
Scrolls
 g - 4 scrolls of vulnerability {unknown}
 i - a scroll of identify {unknown}
 j - a scroll of amnesia {unknown}
 l - a scroll of fear {unknown}
 m - a scroll of enchant armour {unknown}
 n - a scroll of summoning {unknown}
Potions
 f - a potion of degeneration {unknown}
 h - a potion of attraction {unknown}
 k - a potion of berserk rage {unknown}


   Skills:
 + Level 2.3 Fighting
 + Level 3.0 Long Blades
 - Level 2.0 Throwing
 + Level 0.4 Armour
 + Level 3.0 Dodging


You had one spell level left.
You didn't know any spells.
Your spell library was empty.

Dungeon Overview and Level Annotations

Branches:
Dungeon (2/15)

Altars:

Shops:
D:1 (

Annotations:
D:2 Sigmund


Innate Abilities, Weirdness & Mutations

You may rarely emit foul miasma when damaged in melee.


Message History

The adder closely misses you.
You barely miss the adder.
The adder is moderately wounded.
The adder bites you.
You emit a cloud of foul miasma!
The adder is engulfed in dark miasma.
The adder is poisoned.
The adder seems to slow down.
The adder bites you.
You slash the adder!
You kill the adder!
Your Long Blades skill increases to level 3!
Your Dodging skill increases to level 3!
No target in view!
HP restored.
There is an open door here.
Sigmund the Dreaded comes into view.
He is wielding a +0 scythe and carrying a wand of quicksilver (6).
Sigmund shouts!
Sigmund gestures at you while chanting.
You are confused.
Sigmund is nearby!
Sigmund is nearby!
You are too confused!
You are too confused!
Sigmund zaps a wand.
The bolt of dispelling energy hits you!
Your magical effects are unravelling.
Ouch! That really hurt!
You bump into the rock wall.
You feel less confused.
There is an open door here.
You close the door.
Sigmund breaks down the door.
Sigmund points at you and mumbles some strange words.
The magic dart hits you.
* * * LOW HITPOINT WARNING * * *
Sigmund gestures at you while chanting.
You are confused.
You bump into the rock wall.
You feel less confused.
Sigmund points at you and mumbles some strange words.
You resist with significant effort.
Sigmund zaps a wand.
The bolt of dispelling energy hits you!
You die...

## .. #######@### ...........
........# ....#
....#############################
....'....@......@................
....####################..######
....# #....PPP.P..# .....
.###P...P#.#### ......
#P...P.....# ####.# #P......#.<#
?# #PPPPP###### .# .............
#.#.#.#...####


You could see Sigmund.

Vanquished Creatures
  An adder (D:2)
  4 ball pythons (D:1)
  2 bats (D:1)
  3 goblins (D:1)
  A hobgoblin (D:1)
  4 rats (D:1)
  2 toadstools (D:2)
17 creatures vanquished.

Vanquished Creatures (others)
  3 toadstools (D:2)
3 creatures vanquished.

Grand Total: 20 creatures vanquished

Notes
Turn   | Place    | Note
-------+----------+-------------------------------------------
     0 | D:1      | BritishOli the Demonspawn Gladiator began the quest for the
                  | Orb.
     0 | D:1      | Reached XP level 1. HP: 16/16 MP: 1/1
   146 | D:1      | Gained mutation: You may rarely emit foul miasma when
                  | damaged in melee. [demonic ancestry]
   146 | D:1      | Reached XP level 2. HP: 20/22 MP: 2/2
   329 | D:1      | Found Pesadono's Antique Weapon Shoppe.
   596 | D:1      | Found a faded altar of an unknown god.
   934 | D:2      | Noticed Sigmund
   954 | D:2      | Killed from afar by Sigmund

Illustrated notes

Levels and vault maps discovered:
D:1:      dpeg_arrival_castle, layout_basic, serial_shops, shop,
          dreamdust_ecumenical_altar_angels_and_demons, minmay_tall_x
D:2:      layout_basic, minmay_gold_behind_fungi, uniq_sigmund

Skill      XL: |  1  2 |
---------------+-------+-----
Throwing       | 2 |  2.0
Long Blades    | 3 |  3.0
Dodging        | 3 |  3.0
Fighting       | |  2.3
Armour         | |  0.4

Action                   || total
-------------------------++-------
Melee: Long sword        ||    32
Armor: Leather armour    ||     7
Dodge: Dodged            ||    20

Table legend: (Time is in decaauts)
 A = Elapsed time spent in this place.
 B = Non-inter-level travel time spent in this place.
 C = Inter-level travel time spent in this place.
 D = Time resting spent in this place.
 E = Time spent auto-exploring this place.
 F = Levels seen in this place.
 G = Mean time per level.
                   A        B        C        D        E       F      G
               +--------+--------+--------+--------+--------+-----+--------+
         Total |    965 |    962 |      3 |      0 |    833 |   2 |  482.5 |
       Dungeon |    965 |    962 |      3 |      0 |    833 |   2 |  482.5 |
               +--------+--------+--------+--------+--------+-----+--------+

Top non-repeatable levels by time:
     D:1: 721 daAuts
     D:2: 244 daAuts
